 Dungeon Crawl Stone Soup version 0.23.2 (webtiles) character file.

Game seed: 16836249621938716517

124 Kinoniko the Caller (level 5, 0/29 HPs)
             Began as a Kobold Summoner on Apr 2, 2019.
             Was a Follower of Nemelex Xobeh.
             Slain by an orc (2 damage)
             ... on level 4 of the Dungeon.
             The game lasted 00:36:30 (3307 turns).

Kinoniko the Caller (Kobold Summoner)               Turns: 3307, Time: 00:36:31

Health: 0/29       AC:  5    Str:  5    XL:     5   Next: 30%
Magic:  5/9        EV: 15    Int: 17    God:    Nemelex Xobeh [*.....]
Gold:   135        SH:  0    Dex: 18    Spells: 10/11 levels left

rFire    . . .     SeeInvis .   f - +2 spear (venom)
rCold    . . .     Gourm    .   (shield restricted)
rNeg     . . .     Faith    .   a - +0 robe
rPois    .         Spirit   .   e - +1 helmet
rElec    .         Reflect  .   (no cloak)
rCorr    .         Harm     .   b - +0 pair of gloves
MR       .....                  (no boots)
Stlth    +++.......             (no amulet)
HPRegen  0.09/turn              (no ring)
MPRegen  0.11/turn              (no ring)

@: no status effects
A: small, agile 1, carnivore, low mp 1
a: Draw Escape, Draw Destruction, Draw Summoning, Renounce Religion


You were on level 4 of the Dungeon.
You worshipped Nemelex Xobeh.
Nemelex Xobeh was aware of your devotion.
You were not hungry.

You visited 1 branch of the dungeon, and saw 4 of its levels.

You collected 135 gold pieces.

Inventory:

Hand Weapons
 f - a +2 spear of venom (weapon)
 j - a +2 mace of protection
Armour
 a - a +0 robe (worn)
 b - a +0 pair of gloves (worn)
 d - a +0 large shield
 e - a +1 helmet (worn)
Wands
 h - a wand of flame (16)
Scrolls
 i - 3 scrolls of teleportation
 k - a scroll of identify
Potions
 g - a potion of heal wounds
 l - 2 potions of lignification
 m - a potion of might
Comestibles
 c - a ration


   Skills:
 + Level 1.0 Fighting
 + Level 0.3 Maces & Flails
 + Level 0.2 Polearms
 + Level 2.6 Dodging
 + Level 3.2 Stealth
 + Level 0.2 Unarmed Combat
 + Level 3.5 Spellcasting
 + Level 4.9 Summonings


You had 10 spell levels left.
You knew the following spells:

 Your Spells              Type           Power        Failure   Level  Hunger
a - Summon Small Mammal   Summ           ###.         2%          1    None

Your spell library contained the following spells:

 Spells                   Type           Power        Failure   Level  Hunger
 Call Imp                 Summ           ###.....     3%          2    ##.....
 Call Canine Familiar     Summ           ###.....     6%          3    ###....
 Summon Guardian Golem    Hex/Summ       ##......     19%         3    ###....
 Summon Ice Beast         Ice/Summ       ##......     52%         4    ####...
 Summon Lightning Spire   Summ/Air       ##......     52%         4    ####...


Dungeon Overview and Level Annotations

Branches:
Dungeon (4/15)
 Temple: D:4-7

Altars:
Cheibriados
Nemelex Xobeh


Innate Abilities, Weirdness & Mutations

You are small and have problems with some larger weapons.
You are carnivorous and can eat meat at any time.
You are agile. (Dex +2)
Your magical capacity is low. (-10% MP)


Message History

The orc hits your quokka with a +0 flail!
Your quokka dies!
Your quokka's corpse disappears in a puff of smoke!
You barely miss the orc priest.
The orc priest is almost dead.
Your bat hits the orc but does no damage.
Your bat hits the orc.
Your bat hits the orc but does no damage.
The orc priest mumbles some strange prayers to Beogh against you.
Beogh smites you!
* * * LOW HITPOINT WARNING * * *
Your bat barely misses the orc.
Your quokka bites the orc priest.
The orc priest dies!
Your Fighting skill increases to level 1!
You draw a card...
You have drawn the Rangers.
Your bat hits the orc but does no damage.
Your bat hits the orc.
Your quokka closely misses the orc.
Your bat hits the orc. The orc misses you. The orc hits you.
You die...
Your body glows slightly and disappears.

###.#.#'###
#........#
#........#
#........#
#....?...#
#....b...#
#...or...#
#....oo..#
#....c@..#####
#...cb........
######.#...%..
#(#......
#.#...... #.#
..... #.. ....
### ....


You could see 3 orcs, 2 friendly centaurs, a friendly quokka and 2 friendly
bats.

Vanquished Creatures
  Natasha (twice) (D:2)
  An adder (D:3)
  4 worms
  A ball python (D:1)
  A goblin (D:1)
  5 hobgoblins
  A jackal (D:2)
  A kobold (D:1)
  A quokka (D:2)
  A bat (D:2)
  3 frilled lizards
  2 rats
23 creatures vanquished.

Vanquished Creatures (collateral kills)
  An orc priest (D:4)
  Natasha (D:2)
  An adder (D:2)
  2 dart slugs
  A leopard gecko (D:2)
  An orc (D:4)
  A ball python (D:2)
  4 bats
  A giant cockroach (D:1)
  2 goblins
  5 hobgoblins
  4 jackals
  A kobold (D:1)
  2 frilled lizards
  2 rats
29 creatures vanquished.

Vanquished Creatures (others)
  A jackal (D:1)
1 creature vanquished.

Grand Total: 53 creatures vanquished

Notes
Turn   | Place    | Note
-------+----------+-------------------------------------------
     0 | D:1      | Kinoniko the Kobold Summoner began the quest for the Orb.
     0 | D:1      | Reached XP level 1. HP: 10/10 MP: 3/3
   148 | D:1      | Reached XP level 2. HP: 5/15 MP: 5/5
   911 | D:1      | Gained mutation: Your magical capacity is low. (-10% MP)
                  | [potion of mutation]
   911 | D:1      | Gained mutation: You are agile. (Dex +2) [potion of
                  | mutation]
   961 | D:2      | Reached XP level 3. HP: 19/19 MP: 0/6
  1306 | D:2      | Found a sparkling altar of Nemelex Xobeh.
  1346 | D:2      | Became a worshipper of Nemelex Xobeh the Trickster
  1419 | D:2      | Found a snail-covered altar of Cheibriados.
  1421 | D:2      | Received a gift from Nemelex Xobeh
  1854 | D:2      | Noticed Natasha
  1870 | D:2      | Killed Natasha
  1870 | D:2      | Reached XP level 4. HP: 20/24 MP: 1/7
  1939 | D:2      | Noticed Natasha
  1950 | D:2      | Killed Natasha
  1990 | D:2      | Noticed Natasha
  2007 | D:2      | Killed Natasha
  2766 | D:3      | Found a faded altar of an unknown god.
  2775 | D:3      | Reached XP level 5. HP: 28/28 MP: 4/8
  2807 | D:3      | Reached * piety under Nemelex Xobeh
  3162 | D:3      | Received a gift from Nemelex Xobeh
  3306 | D:4      | Reached skill level 1 in Fighting
  3307 | D:4      | Slain by an orc

Skill      XL: |  1  2  3  4  5 |
---------------+----------------+-----
Stealth        | 3 |  3.2
Spellcasting   | 3 |  3.5
Fighting       | 1 |  1.0
Maces & Flails | |  0.3
Polearms       | |  0.2
Dodging        | |  2.6
Unarmed Combat | |  0.2
Summonings     | |  4.9

Action                   |  1- 3 |  4- 6 || total
-------------------------+-------+-------++-------
Melee: Unarmed           |    36 |       ||    36
       Mace              |    27 |       ||    27
       Spear             |    22 |    17 ||    39
 Cast: Summon Small Mamm |    53 |    40 ||    93
 Abil: Draw Summoning    |       |     1 ||     1
  Use: Potion            |     4 |       ||     4
       Scroll            |     5 |     2 ||     7
 Stab: Sleeping          |     3 |       ||     3
       Distracted        |       |     1 ||     1
  Eat: Ration            |     1 |     3 ||     4
       Chunk             |       |     1 ||     1
Armor: Robe              |    17 |     3 ||    20
Dodge: Dodged            |    76 |    18 ||    94
